 Dungeon Crawl Stone Soup version 0.29-a0-1052-g6990b1bffc (webtiles) character file.

Game seed: 179561541020455382

2562 inmateoo the Ruffian (level 9, -1/47 HPs)
             Began as a Vine Stalker Fighter on Aug 18, 2022.
             Was a Believer of Cheibriados.
             Slain by an ice beast (6 damage)
             ... on level 6 of the Dungeon.
             The game lasted 00:06:31 (5968 turns).

inmateoo the Ruffian (Vine Stalker Fighter)         Turns: 5968, Time: 00:06:32

Health: -1/47      AC:  9    Str: 25    XL:     9   Next: 56%
Magic:  0/11       EV: 16    Int: 12    God:    Cheibriados [**....]
Gold:   242        SH:  6    Dex: 20    Spells: 8/8 levels left

rFire   . . .      SeeInvis .     - Unarmed
rCold   . . .      Faith    .   b - +0 buckler
rNeg    . . .      Spirit   +   a - +0 scale mail
rPois   .          Reflect  .   t - +2 hat
rElec   .          Harm     .   (no cloak)
rCorr   .          Rampage  .   (no gloves)
Will    +....                   (no boots)
Stlth   ..........              (no amulet)
HPRegen 0.95/turn               h - +4 ring of evasion
MPRegen 0.12/turn               (no ring)

@: very slow
A: fangs 3, regeneration 1, magic shield, antimagic bite, no potion heal 2
a: Renounce Religion, Bend Time


You were on level 6 of the Dungeon.
You worshipped Cheibriados.
Cheibriados was pleased with you.
You visited 2 branches of the dungeon, and saw 7 of its levels.
You also visited: Sewer and Ossuary.

You collected 242 gold pieces.

Inventory:

Missiles
 i - 33 poisoned darts (quivered)
 l - 2 throwing nets
Armour
 a - a +0 scale mail (worn)
 b - a +0 buckler (worn)
 t - a +2 hat (worn)
Jewellery
 h - a +4 ring of evasion (left hand)
Scrolls
 c - 4 scrolls of immolation
 e - a scroll of teleportation
 g - 2 scrolls of fear
 j - 3 scrolls of magic mapping
 k - 2 scrolls of blinking
 o - a scroll of enchant weapon
 p - 3 scrolls of fog
 q - a scroll of amnesia
 s - a scroll of poison
Potions
 d - 6 potions of curing
 f - 2 potions of cancellation {unknown}
 m - a potion of invisibility {unknown}
 n - 2 potions of flight
 r - 4 potions of haste
 u - 2 potions of lignification


   Skills:
 + Level 5.3 Fighting
 + Level 4.7 Armour
 + Level 4.0 Dodging
 + Level 5.2 Shields
 * Level 7.4 Unarmed Combat
 + Level 2.6 Invocations


You had 8 spell levels left.
You didn't know any spells.
Your spell library contained the following spells:

 Spells                   Type           Power      Damage    Failure   Level
 Ozocubu's Armour         Ice            0%         N/A       96%         3
 Animate Armour           Summ/Erth      0%         N/A       100%        4
 Blade Hands              Tmut           0%         N/A       100%        5
 Iron Shot                Conj/Erth      0%         9d1       100%        6
 Ozocubu's Refrigeration  Ice            0%         4d7       100%        7


Dungeon Overview and Level Annotations

Branches:
Dungeon (6/15)             Temple (1/1) D:5           Sewer (visited)
Ossuary (visited)

Altars:
Ashenzari
Cheibriados
Dithmenos
Elyvilon
Fedhas
Gozag
Hepliaklqana
Kikubaaqudgha
Okawaru
Qazlal
Ru
Trog
Uskayaw
Xom
Yredelemnul
The Shining One

Annotations:
D:5 2 transporters, muxecoid's ghost, novice TeCj


Innate Abilities, Weirdness & Mutations

You have razor-sharp teeth.
Your natural rate of healing is unusually fast.
When hurt, damage is shared between your health and your magic reserves.
Your bite disrupts and absorbs the magic of your enemies.
Potions cannot restore your health.


Message History

You closely miss the wight. You bite the wight. You drain its power.
You feel invigorated.
The wight is heavily damaged.
You block the wight's attack.
You are too injured to fight recklessly!
You punch the wight!
You destroy the wight!
Cheibriados appreciates the change of pace.
Your life force feels restored.
Your Dodging skill increases to level 4!
The ice beast hits you but does no damage.
Things that are here:
a +0 vorpal long sword; a +0 robe You hit the ice beast.
Your bite misses the ice beast.
The ice beast is lightly wounded.
The ice beast hits you.
* * * LOW HITPOINT WARNING * * *
The ice beast freezes you.
* * * LOW HITPOINT WARNING * * *
You hit the ice beast.
The ice beast is moderately wounded.
You block the ice beast's attack.
You hit the ice beast. You bite the ice beast. You drain its power.
You feel invigorated.
The ice beast is heavily wounded.
The ice beast barely misses you.
You hit the ice beast. Your bite misses the ice beast.
The ice beast is severely wounded.
The ice beast hits you.
* * * LOW HITPOINT WARNING * * *
The ice beast freezes you!
* * * LOW HITPOINT WARNING * * *
You barely miss the ice beast.
You bite the ice beast, but do no damage.
The ice beast is severely wounded.
The ice beast hits you but does no damage.
You hit the ice beast but do no damage.
The ice beast is severely wounded.
The ice beast hits you. The ice beast freezes you!
You die...

#.# #.# #)# #.# ###
##)#########.### ...
...........)...# ..#
###.#########..# ..#### #
##.# #..# ##.....
#.########..# #.....# # #
##.#<.>......###.#.#.##.##
###.##.#######..@Y..........
.).## #####.#........
#.####.# #..........
#......# ###).###.. ########
#..# ##.# ########## ..
.........# ... ########.#
....


You could see an ice beast.

Vanquished Creatures
  The ghost of gabibbone the Digger, an amateur OpEE (D:4)
  Sigmund (D:5)
  2 wraiths (Ossuary)
  A sky beast (D:6)
  2 black bears
  An ice beast (D:5)
  4 ogres
  5 kobold brigands
  A bullfrog (D:4)
  A necrophage (D:4)
  A scorpion (D:5)
  5 wights
  3 hounds
  A jelly (D:5)
  A gnoll bouda (D:5)
  An iguana (D:5)
  9 gnolls
  A river rat (Sewer)
  7 adders
  2 shadow imps
  2 ufetubi
  2 adder zombies (Ossuary)
  2 worms (Sewer)
  2 dart slugs
  8 orcs
  5 bats
  10 endoplasms
  9 giant cockroaches
  8 goblins
  6 hobgoblins
  A quokka (D:1)
  12 ball pythons
  A ball python skeleton (Ossuary)
  3 frilled lizards
  A hobgoblin skeleton (Ossuary)
  2 hobgoblin zombies (Ossuary)
  16 kobolds
  2 orc skeletons (Ossuary)
  An orc zombie (Ossuary)
  8 rats
151 creatures vanquished.

Notes
Turn   | Place    | Note
-------+----------+-------------------------------------------
     0 | D:1      | inmateoo the Vine Stalker Fighter began the quest for the
                  | Orb.
     0 | D:1      | Reached XP level 1. HP: 11/11 MP: 2/2
   496 | D:1      | Reached XP level 2. HP: 16/16 MP: 3/3
   530 | D:1      | Found a faded altar of an unknown god.
   619 | D:1      | You fall into a shaft and drop 1 floor!
   883 | D:2      | Reached XP level 3. HP: 19/19 MP: 4/4
  1724 | D:1      | Gained mutation: Your natural rate of healing is unusually
                  | fast. [Vine Stalker growth]
  1724 | D:1      | Reached XP level 4. HP: 24/24 MP: 5/5
  2225 | D:3      | Reached skill level 1 in Dodging
  2289 | D:3      | Reached skill level 3 in Unarmed Combat
  2462 | D:3      | Found a shadowy altar of Dithmenos.
  2465 | D:3      | Found a white marble altar of Elyvilon.
  2627 | D:3      | Found a hazy altar of Hepliaklqana.
  2799 | D:4      | Noticed an ogre
  2803 | D:4      | HP: 1/24 [ogre/+0 giant club (23)]
  2804 | D:4      | Killed an ogre
  2805 | D:4      | Reached XP level 5. HP: 2/28 MP: 0/6
  2920 | D:4      | Reached XP level 6. HP: 29/32 MP: 7/7
  2955 | D:4      | Found a glowing drain.
  2989 | Sewer    | Entered a sewer
  3127 | Sewer    | Reached skill level 4 in Unarmed Combat
  3406 | Sewer    | Reached XP level 7. HP: 37/37 MP: 8/8
  3814 | D:4      | Found a sacrificial altar of Ru.
  3818 | D:4      | Found a blossoming altar of Fedhas.
  3818 | D:4      | Found a stormy altar of Qazlal.
  3839 | D:4      | Found a broken altar of Ashenzari.
  3842 | D:4      | Found a bloodstained altar of Trog.
  3879 | D:4      | Found a runed translucent door.
  3887 | D:4      | Noticed gabibbone's ghost (amateur OpEE)
  4334 | D:4      | Killed gabibbone's ghost
  4335 | D:4      | Reached skill level 5 in Unarmed Combat
  4355 | D:5      | Entered Level 5 of the Dungeon
  4376 | D:5      | Gained mutation: You have razor-sharp teeth. [Vine Stalker
                  | growth]
  4376 | D:5      | Reached XP level 8. HP: 42/42 MP: 9/9
  4382 | D:5      | Found a staircase to the Ecumenical Temple.
  4437 | Temple   | Entered the Ecumenical Temple
  4493 | Temple   | Became a worshipper of Cheibriados the Contemplative
  4714 | D:5      | Reached skill level 6 in Unarmed Combat
  4803 | D:5      | Found a glowing golden altar of the Shining One.
  4826 | D:5      | Found a sand-covered staircase.
  4832 | Ossuary  | Entered an ossuary
  4907 | Ossuary  | Reached * piety under Cheibriados
  4928 | Ossuary  | Noticed a flying skull
  4928 | Ossuary  | Noticed a wraith
  4935 | Ossuary  | Noticed a flying skull
  4937 | Ossuary  | Noticed a flying skull
  4963 | Ossuary  | Noticed a flying skull
  4971 | Ossuary  | Noticed a wraith
  4982 | Ossuary  | Killed a wraith
  4998 | Ossuary  | Noticed a wraith
  5001 | Ossuary  | Killed a wraith
  5002 | Ossuary  | Reached skill level 1 in Invocations
  5101 | D:5      | Found a transporter.
  5103 | D:5      | Noticed muxecoid's ghost (novice TeCj)
  5223 | D:5      | Reached XP level 9. HP: 45/46 MP: 7/11
  5280 | D:5      | Found an ancient bone altar of Kikubaaqudgha.
  5360 | D:5      | Reached skill level 5 in Fighting
  5484 | D:5      | Found a transporter.
  5509 | D:5      | Noticed Sigmund
  5517 | D:5      | Killed Sigmund
  5518 | D:5      | Reached skill level 5 in Shields
  5518 | D:5      | Reached skill level 7 in Unarmed Combat
  5683 | D:6      | Reached ** piety under Cheibriados
  5968 | D:6      | Slain by an ice beast

Illustrated notes

Levels and vault maps discovered:
D:1:      doesnt_arrival_eight_statues, layout_loops_ring, serial_aquarium,
          aquarium_bridge_square [aquarium_subvault_balcony,
          aquarium_subvault_wall, aquarium_subvault_wall,
          aquarium_subvault_bridge], aquarium_bridge_long_joined
          [aquarium_subvault_bridge, aquarium_subvault_window,
          aquarium_subvault_wall, aquarium_subvault_window,
          aquarium_subvault_window, aquarium_subvault_window],
          aquarium_window_1, aquarium_window_fake, aquarium_window_corridor_3,
          aquarium_window_1, aquarium_view_4, aquarium_view_2e, aquarium_pool_2,
          shapermc_ecumenical_altar_venn, minmay_worlds_worst_comb
D:2:      layout_basic
D:3:      layout_rooms, mainiacjoe_overflow_alcove_2, nicolae_overflow_squiral
D:4:      layout_rooms, minmay_overflow_temple_star_hex,
          ebering_ghost_inner_flame, portal_sewer_entry_d,
          kennysheep_generic_room_13
D:5:      layout_loops_ring, mainiacjoe_overflow_cross_hatched, tso_altar,
          minmay_temple_entry_nine_rooms, gammafunk_ghost_mausoleum,
          enter_ossuary_1, kennysheep_generic_room_2, uniq_sigmund
D:6:      layout_loops_ring
Temple:   hellmonk_temple_beads

Skill      XL: |  1  2  3  4  5  6  7  8  9 |
---------------+----------------------------+-----
Fighting       | 3 4 5 |  5.3
Shields        | 3 4 5 |  5.2
Dodging        | 1 2 3 4 |  4.0
Unarmed Combat | 3 4 5 6 7 |  7.4
Armour         | 3 4 |  4.7
Invocations    | 1 2 |  2.6

Action                   |  1- 3 |  4- 6 |  7- 9 || total
-------------------------+-------+-------+-------++-------
Melee: Unarmed           |   111 |   186 |   280 ||   577
       Bite              |    19 |    49 |    76 ||   144
Throw: Dart              |     1 |     2 |       ||     3
  Use: Potion            |       |     1 |     2 ||     3
       Scroll            |       |       |    17 ||    17
Armor: Scale mail        |    47 |    52 |    61 ||   160
Dodge: Dodged            |    31 |    62 |   146 ||   239
Block: Buckler           |    19 |    27 |    67 ||   113

Table legend: (Time is in decaauts)
 A = Elapsed time spent in this place.
 B = Non-inter-level travel time spent in this place.
 C = Inter-level travel time spent in this place.
 D = Time resting spent in this place.
 E = Time spent auto-exploring this place.
 F = Levels seen in this place.
 G = Mean time per level.
                   A        B        C        D        E       F      G
               +--------+--------+--------+--------+--------+-----+--------+
         Total |   6543 |   6240 |    303 |   1000 |   3698 |   9 |  727.0 |
       Dungeon |   5209 |   4966 |    243 |    961 |   3071 |   6 |  868.2 |
        Temple |    118 |     58 |     60 |      0 |     47 |   1 |  118.0 |
         Sewer |    887 |    887 |      0 |     39 |    451 |   1 |  887.0 |
       Ossuary |    329 |    329 |      0 |      0 |    128 |   1 |  329.0 |
               +--------+--------+--------+--------+--------+-----+--------+

Top non-repeatable levels by time:
     D:1: 1380 daAuts
     D:5: 1083 daAuts
   Sewer: 887 daAuts
     D:4: 863 daAuts
     D:2: 801 daAuts
     D:3: 605 daAuts
     D:6: 474 daAuts
 Ossuary: 329 daAuts
  Temple: 118 daAuts
